 Dungeon Crawl Stone Soup version 0.20.1-1-g8b1a95d (webtiles) character file.

2139 galech the Grappler (level 9, 0/84 HPs)
             Began as a Troll Monk on Aug 31, 2017.
             Slain by a water moccasin (7 damage)
             ... on level 7 of the Dungeon.
             The game lasted 00:07:20 (5801 turns).

galech the Grappler (Troll Monk)                    Turns: 5801, Time: 00:07:20

Health: 0/84       AC:  5    Str: 24      XL:     9   Next: 9%
Magic:  8/8        EV: 11    Int:  6      God:
Gold:   357        SH:  0    Dex: 11 (14) Spells: 8/8 levels left

rFire    . . .     SeeInvis .     - Unarmed
rCold    . . .     Gourm    +   (no shield)
rNeg     . . .     Faith    .   a - +0 robe
rPois    .         Spirit   .   (helmet restricted)
rElec    .         Reflect  .   (no cloak)
rCorr    .         Harm     .   (gloves unavailable)
MR       +....                  (boots unavailable)
Stlth    ++........             (no amulet)
Regen    0.7/turn               p - +2 ring of dexterity
MPRegen  0.2/turn               v - ring of protection from magic

@: lethally poisoned (0 -> -6)
A: unfitting armour, claws 3, fast metabolism 3, gourmand, regeneration 1,
shaggy fur 1, tough skin 2
a: no special abilities


You were on level 7 of the Dungeon.
You were very full.

You visited 2 branches of the dungeon, and saw 9 of its levels.

You collected 357 gold pieces.

Inventory:

Armour
 a - a +0 robe (worn)
Jewellery
 p - a +2 ring of dexterity (left claw)
 v - a ring of protection from magic (right claw)
 C - a +2 ring of intelligence
Wands
 D - a wand of digging (15/24)
Scrolls
 d - 2 scrolls of enchant armour {unknown}
 e - 3 scrolls of identify {unknown}
 g - 2 scrolls of recharging {unknown}
 h - a scroll of immolation {unknown}
 k - 3 scrolls of teleportation {unknown}
 l - 4 scrolls of enchant weapon {unknown}
 n - a scroll of magic mapping {unknown}
 q - 2 scrolls of remove curse {unknown}
 r - 3 scrolls of amnesia {unknown}
 t - 3 scrolls of fog {unknown}
 B - a scroll of vulnerability {unknown}
Potions
 f - a potion of ambrosia {unknown}
 i - 3 potions of lignification {unknown}
 j - a potion of mutation {unknown}
 m - a potion of berserk rage {unknown}
 o - 4 potions of heal wounds {unknown}
 u - a potion of flight {unknown}
 w - a potion of brilliance {unknown}
 z - a potion of agility {unknown}
 A - 2 potions of curing {unknown}
 G - a potion of haste {unknown}
Books
 y - a book of Maledictions

   Spells                             Type                      Level
   a - Corona                         Hexes                        1
   b - Ensorcelled Hibernation        Hexes/Ice                    2
   c - Confuse                        Hexes                        3
   d - Tukima's Dance                 Hexes                        3
   e - Dazzling Spray                 Conjuration/Hexes            3
 F - a book of Clouds

   Spells                             Type                      Level
   a - Poisonous Vapours              Poison/Air                   2
   b - Mephitic Cloud                 Conjuration/Poison/Air       3
   c - Conjure Flame                  Conjuration/Fire             3
   d - Freezing Cloud                 Conjuration/Ice/Air          6
   e - Ring of Flames                 Charms/Fire                  7
Comestibles
 b - 9 bread rations
 c - 5 meat rations
 s - 3 royal jellies
 x - 3 fruits
 E - 2 chunks of flesh


   Skills:
 + Level 3.8 Fighting
 + Level 4.9 Dodging
 + Level 2.8 Stealth
 + Level 9.8 Unarmed Combat


You had 8 spell levels left.
You didn't know any spells.

Dungeon Overview and Level Annotations

Branches:
Dungeon (8/15)             Temple (1/1) D:4
   Lair: D:8-11

Altars:
Ashenzari
Dithmenos
Elyvilon
Fedhas
Gozag
Hepliaklqana
Kikubaaqudgha
Makhleb
Nemelex Xobeh
Qazlal
Ru
Sif Muna
Trog
Uskayaw
Vehumet
Xom
Yredelemnul
Zin
The Shining One

Annotations:
D:8 galech's ghost, novice TrMo


Innate Abilities, Weirdness & Mutations

You are too large for most types of armour.
You have claws for hands.
Your metabolism is lightning-fast.
You like to eat raw meat.
Your natural rate of healing is unusually fast.
You are covered in fur. (AC +1)
You have very tough skin. (AC +2)


Message History

You feel sick. The water moccasin barely misses you.
You closely miss the water moccasin.
The water moccasin is moderately wounded.
The water moccasin bites you!
* * * LOW HITPOINT WARNING * * *
You mangle the water moccasin!!
The water moccasin is almost dead.
You feel sick. The water moccasin bites you.
* * * LOW HITPOINT WARNING * * *
You are more poisoned.
The water moccasin poisons you!
You closely miss the water moccasin.
The water moccasin is almost dead.
* * * LOW HITPOINT WARNING * * *
You feel sick. The water moccasin barely misses you.
You miss the water moccasin.
The water moccasin is almost dead.
* * * LOW HITPOINT WARNING * * *
You feel sick. The water moccasin bites you!
You die...

........###.##.## ###..##
####..###...##..#### #....#
.#........####.....# ##.##.#
...........###...#.# #..##.##
.......###.........### ##.###...
.......# ###.........# ##..#####.
.......# #.........###..###....
......## #.............## #.[..
.#...## ####...@S##.#...# #....
###### ##....[........#.####....
#..#.......#.###...##....
#.##.......#.# ###..#....
##.##.......#.## ##.####.
##..##......##..# #...##.
#######......#...####.#######.<..
..(.......#########.......# ##..<
.....##.### #.......# #...


You could see a water moccasin.

Vanquished Creatures
  Prince Ribbit (D:5)
  The ghost of NoNouf the Gusty, an amateur TeAE (D:4)
  Menkaure (D:4)
  Duvessa (D:6)
  3 ice beasts
  A phantom (D:6)
  2 ogres
  A bullfrog (D:6)
  Dowan (D:6)
  A howler monkey (D:5)
  3 crimson imps
  A centaur zombie (D:7)
  A quasit (D:7)
  4 hounds
  3 jellies
  3 orc priests
  2 orc wizards (D:6)
  A centaur skeleton (D:4)
  2 iguanas
  3 worker ants
  A hound zombie (D:6)
  Robin (D:3)
  A gnoll (D:4)
  5 adders
  A shadow imp (D:7)
  3 oozes (D:1)
  An adder skeleton (D:4)
  5 worms
  A dart slug (D:5)
  4 leopard geckos
  26 orcs
  3 bats
  2 giant cockroaches
  10 goblins
  11 hobgoblins
  A jackal (D:4)
  3 quokkas
  2 ball pythons (D:1)
  8 frilled lizards
  6 kobolds
  A quokka zombie (D:7)
  12 rats
144 creatures vanquished.

Notes
Turn   | Place    | Note
-------+----------+-------------------------------------------
     0 | D:1      | galech the Troll Monk began the quest for the Orb.
     0 | D:1      | Reached XP level 1. HP: 22/22 MP: 0/0
   120 | D:1      | Reached XP level 2. HP: 26/29 MP: 1/1
   427 | D:1      | Reached XP level 3. HP: 36/36 MP: 2/2
  1428 | D:2      | Reached XP level 4. HP: 44/44 MP: 3/3
  1670 | D:3      | Reached skill level 4 in Unarmed Combat
  1915 | D:3      | Found a white marble altar of Elyvilon.
  2136 | D:3      | Reached XP level 5. HP: 37/50 MP: 4/4
  2187 | D:3      | Noticed Robin
  2198 | D:3      | Killed Robin
  2443 | D:3      | Reached skill level 5 in Unarmed Combat
  2465 | D:3      | Noticed an ogre
  2610 | D:4      | Noticed an ogre
  2612 | D:4      | Found a staircase to the Ecumenical Temple.
  2621 | D:4      | Killed an ogre
  2671 | Temple   | Entered the Ecumenical Temple
  2839 | D:4      | Noticed Menkaure
  2845 | D:4      | Killed Menkaure
  2845 | D:4      | Reached skill level 6 in Unarmed Combat
  2845 | D:4      | Reached XP level 6. HP: 59/59 MP: 5/5
  2923 | D:4      | Found a hide-covered altar of Uskayaw.
  3202 | D:4      | Noticed NoNouf's ghost (amateur TeAE)
  3209 | D:4      | Killed NoNouf's ghost
  3209 | D:4      | Reached XP level 7. HP: 50/67 MP: 6/6
  3246 | D:4      | Reached skill level 7 in Unarmed Combat
  3711 | D:5      | Entered Level 5 of the Dungeon
  3833 | D:5      | Reached skill level 8 in Unarmed Combat
  3833 | D:5      | Reached XP level 8. HP: 51/75 MP: 7/7
  3846 | D:5      | Noticed Prince Ribbit
  3854 | D:5      | Killed Prince Ribbit
  3967 | D:5      | Found a shattered altar of Ashenzari.
  4731 | D:6      | Noticed Duvessa
  4732 | D:6      | Noticed Dowan
  4773 | D:6      | Killed Duvessa
  4773 | D:6      | Reached skill level 9 in Unarmed Combat
  4788 | D:6      | Killed Dowan
  4935 | D:6      | Found a burning altar of Makhleb.
  4939 | D:6      | Found a glowing silver altar of Zin.
  4940 | D:6      | Noticed a blizzard demon
  4943 | D:6      | Noticed an angel
  5057 | D:6      | Found a sparkling altar of Nemelex Xobeh.
  5412 | D:7      | Reached XP level 9. HP: 76/84 MP: 8/8
  5784 | D:8      | Noticed galech's ghost (novice TrMo)
  5801 | D:7      | Slain by a water moccasin

Skill      XL: |  1  2  3  4  5  6  7  8 |
---------------+-------------------------+-----
Dodging        | 3 4 |  4.9
Unarmed Combat | 4 6 8 9 |  9.8
Fighting       | 3 |  3.8
Stealth        | 2 |  2.8

Action                   |  1- 3 |  4- 6 |  7- 9 || total
-------------------------+-------+-------+-------++-------
Melee: Unarmed           |    75 |   136 |   203 ||   414
       Punch             |     2 |     1 |     5 ||     8
 Stab: Sleeping          |     2 |     1 |     3 ||     6
       Distracted        |       |     1 |       ||     1
  Eat: Chunk             |    18 |    14 |    26 ||    58
Armor: Robe              |    15 |    32 |    45 ||    92
Dodge: Dodged            |    26 |    60 |    93 ||   179
